 Dungeon Sprint DCSS version 0.30-a0-177-g1cb5dbfd7a (webtiles) character file.

Game seed: 7748378772366252179

1933 mhtbhm the Earth Mage (level 9, -1/51 HPs)
             Began as a Gargoyle Earth Elementalist on Oct 2, 2022.
             Was a Believer of Vehumet.
             Slain by a white ugly thing (26 damage)
             ... in the Dungeon (Sprint IX: "|||||||||||||||||||||||||||||").
             The game lasted 00:03:56 (1465 turns).

mhtbhm the Earth Mage (Gargoyle Earth Elementalist) Turns: 1465, Time: 00:03:57

Health: -1/51      AC: 10    Str: 18    XL:     9   Next: 17%
Magic:  2/24       EV: 13    Int: 20    God:    Vehumet [**....]
Gold:   0          SH:  0    Dex: 10    Spells: 21/31 levels left

rFire   . . .      SeeInvis .    j - +2 dire flail (vorpal)
rCold   . . .      Faith    .    (shield currently unavailable)
rNeg    + . .      Spirit   .    a - +0 robe
rPois   ∞          Reflect  .    (no helmet)
rElec   +          Harm     .    l - +0 cloak
rCorr   .          Rampage  .    (no gloves)
Will    .....      NoTele   +    k - +0 pair of boots
Stlth   ++........               (no amulet)
HPRegen 0.28/turn                m - +3 ring of strength
MPRegen 0.19/turn                n - +3 ring of strength

@: invisible
A: sickness immunity, AC +6, negative energy resistance 1, electricity
resistance, torment resistance 1, petrification resistance
a: Renounce Religion


You were in the Dungeon.
You worshipped Vehumet.
Vehumet was pleased with you.
You visited 1 branch

Inventory:

Hand Weapons
 j - a +2 vorpal dire flail (weapon)
Missiles
 o - a curare-tipped dart (quivered)
Armour
 a - a +0 robe (worn)
 k - a +0 pair of boots (worn)
 l - a +0 cloak (worn)
Jewellery
 m - a +3 ring of strength (left hand)
 n - a +3 ring of strength (right hand)
Wands
 i - a wand of iceblast (4)
Scrolls
 g - 2 scrolls of amnesia
 h - a scroll of blinking
Potions
 b - 3 potions of magic
 c - 5 potions of curing
 d - a potion of heal wounds
 f - a potion of berserk rage


   Skills:
 + Level 3.2 Fighting
 + Level 5.1 Dodging
 + Level 4.2 Stealth
 + Level 0.3 Unarmed Combat
 + Level 11.8 Spellcasting
 + Level 3.6 Conjurations
 + Level 1.9 Transmutations
 + Level 15.8 Earth Magic
 + Level 1.2 Evocations


You had 21 spell levels left.
You knew the following spells:

 Your Spells              Type           Power      Damage    Failure   Level
a - Sandblast             Erth           100%       2d20      0%          1
b - Passwall              Tmut/Erth      39%        N/A       1%          2
c - Stone Arrow           Conj/Erth      100%       3d13      1%          3
d - Petrify               Tmut/Erth      47%        N/A       1%          4

Your spell library contained the following spells:

 Spells                   Type           Power      Damage    Failure   Level
 Searing Ray              Conj           52%        2d6       1%          2


Dungeon Overview and Level Annotations

Branches:
Dungeon (1/1)

Altars:
Cheibriados
Dithmenos
Elyvilon
Fedhas
Gozag
Hepliaklqana
Kikubaaqudgha
Makhleb
Nemelex Xobeh
Okawaru
Qazlal
Ru
Sif Muna
Trog
Uskayaw
Vehumet
Wu Jian
Xom
Yredelemnul
Zin
The Shining One
Jiyva
Lugonu


Innate Abilities, Weirdness & Mutations

You are immune to sickness and miasma.
Your stone body is resilient. (AC +6)
You are immune to poison.
You resist negative energy. (rN+)
You are resistant to electric shocks. (rElec)
You are resistant to unholy torment.
You are immune to petrification.


Message History

Vehumet accepts your kill.
Vehumet offers you knowledge of Searing Ray.
You feel your power returning.
Your Dodging skill increases to level 5!
Your Conjurations skill increases to level 3!
Your Evocations skill increases to level 1!
You have reached level 9!
Your experience leads to an increase in your attributes!
Your base attributes are Str 12, Int 18, Dex 10.
Increase (S)trength, (I)ntelligence, or (D)exterity?
You feel clever. x2
Unknown command.
Casting: Stone Arrow (safe; 1% risk of failure)
Confirm with . or Enter, or press ? or * to list all spells.
Aiming: Stone Arrow (safe; 1% risk of failure)
Press: ? - help, Shift-Dir - straight line, f - white ugly thing
Aim: a white ugly thing (78% to hit)
Okay, then.
You fade into invisibility!
The white ugly thing barely misses you.
Casting: Stone Arrow (safe; 1% risk of failure)
Confirm with . or Enter, or press ? or * to list all spells.
Aiming: Stone Arrow (safe; 1% risk of failure)
Press: ? - help, Shift-Dir - straight line, f - white ugly thing
Aim: a white ugly thing (unable to see you, 78% to hit)
The stone arrow hits the white ugly thing!!
The white ugly thing is moderately wounded.
The white ugly thing completely misses you.
Unknown command.
Unknown command.
Casting: Stone Arrow (safe; 1% risk of failure)
Confirm with . or Enter, or press ? or * to list all spells.
Aiming: Sandblast (safe; 0% risk of failure)
Press: ? - help, Shift-Dir - straight line, f/p - white ugly thing
Aim: a white ugly thing (moderately wounded, wandering, unable to see you, hasn't noticed you, 85% to hit)
The blast of sand hits the white ugly thing!!!
The white ugly thing is almost dead.
The white ugly thing headbutts you! The white ugly thing freezes you!!
Ouch! That really hurt!
You die... ▓▓▓▓▓▓▓▓▓▓▓▓▓▓▓▓▓▓▓▓▓▓▓▓▓▓▓▓▓▓▓ Juu.○○'..B..Ju@)[...).)'_______ ▓▓▓▓▓▓▓▓▓▓▓▓▓▓▓▓▓▓▓▓▓▓▓▓▓▓▓▓▓▓▓

You could see a boulder beetle (unable to see you), a white ugly thing (unable to see you) and a slime creature (unable to see you).

Vanquished Creatures
  An ugly thing (D)
  A manticore (D)
  A gargoyle (D)
  A troll (D)
  2 yaks (D)
  An acid dragon (D)
  2 ogres (D)
  2 kobold brigands (D)
  An adder (D)
  An ufetubus (D)
  2 endoplasms (D)
  2 kobolds (D)
  A quokka (D)
  A frilled lizard (D)
19 creatures vanquished.

Notes
Turn   | Place    | Note
-------+----------+-------------------------------------------
     0 | D        | mhtbhm the Gargoyle Earth Elementalist began the quest for
                  | the Orb.
     0 | D        | Reached XP level 1. HP: 10/10 MP: 3/3
     5 | D        | Reached skill level 1 in Transmutations
     5 | D        | Reached skill level 4 in Earth Magic
   165 | D        | Noticed an ogre
   165 | D        | Noticed an ogre
   181 | D        | Killed an ogre
   182 | D        | Reached skill level 8 in Earth Magic
   182 | D        | Reached XP level 2. HP: 16/16 MP: 1/7
   182 | D        | Reached XP level 3. HP: 20/20 MP: 1/9
   182 | D        | Reached XP level 4. HP: 24/24 MP: 1/10
   283 | D        | Learned a level 2 spell: Passwall
   287 | D        | Learned a level 3 spell: Stone Arrow
   292 | D        | Learned a level 4 spell: Petrify
   295 | D        | Killed an ogre
   296 | D        | Reached skill level 1 in Fighting
   296 | D        | Reached skill level 5 in Spellcasting
   296 | D        | Reached skill level 10 in Earth Magic
   296 | D        | Reached XP level 5. HP: 29/29 MP: 5/13
   304 | D        | Found a snail-covered altar of Cheibriados.
   304 | D        | Found a shadowy altar of Dithmenos.
   304 | D        | Found a white marble altar of Elyvilon.
   304 | D        | Found a blossoming altar of Fedhas.
   304 | D        | Found an opulent altar of Gozag.
   305 | D        | Found a hazy altar of Hepliaklqana.
   306 | D        | Found a viscous altar of Jiyva.
   307 | D        | Found an ancient bone altar of Kikubaaqudgha.
   308 | D        | Found a corrupted altar of Lugonu.
   309 | D        | Found a burning altar of Makhleb.
   310 | D        | Found a sparkling altar of Nemelex Xobeh.
   311 | D        | Found an iron altar of Okawaru.
   312 | D        | Found a stormy altar of Qazlal.
   313 | D        | Found a sacrificial altar of Ru.
   314 | D        | Found a shimmering blue altar of Sif Muna.
   315 | D        | Found a bloodstained altar of Trog.
   316 | D        | Found a hide-covered altar of Uskayaw.
   317 | D        | Found a radiant altar of Vehumet.
   318 | D        | Found an ornate altar of the Wu Jian Council.
   319 | D        | Found a shimmering altar of Xom.
   320 | D        | Found a basalt altar of Yredelemnul.
   321 | D        | Found a glowing silver altar of Zin.
   322 | D        | Found a glowing golden altar of the Shining One.
   325 | D        | Became a worshipper of Vehumet
   365 | D        | Noticed a kobold brigand
   365 | D        | Noticed a gargoyle
   365 | D        | Noticed a yak
   365 | D        | Noticed an acid dragon
   365 | D        | Noticed a yak
   365 | D        | Noticed a kobold brigand
   368 | D        | Killed a kobold brigand
   369 | D        | Reached skill level 11 in Earth Magic
   369 | D        | Reached XP level 6. HP: 34/34 MP: 10/15
   374 | D        | Killed a yak
   375 | D        | Reached skill level 12 in Earth Magic
   665 | D        | Killed an acid dragon
   665 | D        | Reached * piety under Vehumet
   665 | D        | Offered knowledge of Magic Dart by Vehumet.
   666 | D        | Reached XP level 7. HP: 18/40 MP: 11/18
   859 | D        | Killed a yak
   860 | D        | Reached skill level 13 in Earth Magic
   892 | D        | Killed a gargoyle
   893 | D        | Reached skill level 10 in Spellcasting
   893 | D        | Reached skill level 14 in Earth Magic
   893 | D        | Reached XP level 8. HP: 45/45 MP: 11/22
   962 | D        | Reached ** piety under Vehumet
   962 | D        | Offered knowledge of Static Discharge by Vehumet.
   963 | D        | Reached skill level 1 in Conjurations
  1104 | D        | Noticed a slime creature
  1104 | D        | Noticed a cyan ugly thing
  1104 | D        | Noticed a cyan ugly thing
  1104 | D        | Noticed a boulder beetle
  1104 | D        | Noticed a manticore
  1104 | D        | Noticed a troll
  1125 | D        | Killed a troll
  1127 | D        | HP: 2/46 [manticore/volley of spikes (14)]
  1293 | D        | Killed a manticore
  1294 | D        | Reached skill level 15 in Earth Magic
  1462 | D        | Killed a cyan ugly thing
  1462 | D        | Offered knowledge of Searing Ray by Vehumet.
  1463 | D        | Reached skill level 5 in Dodging
  1463 | D        | Reached skill level 1 in Evocations
  1463 | D        | Reached XP level 9. HP: 32/51 MP: 5/24
  1465 | D        | Slain by a white ugly thing

Illustrated notes

Levels and vault maps discovered:
D:        linesprint [early_d, line_temple, items_1, d_10, items_2, lair_1,
          lair_end, items_3, orc_1, orc_end, items_4, d_15, swamp_1, shoals_1,
          snake_1, spider_1, d_20, vaults_1, items_5, swamp_end, shoals_end,
          snake_end, spider_end, vaults_end, d_27, items_6, zot_1, zot_end,
          crypt_end, forest_end, elf_end, slime_end, tomb_end, abyss_end,
          pan_hell_end]

Skill      XL: |  1  2  3  4  5  6  7  8 |
---------------+-------------------------+-----
Transmutations | 1 |  1.9
Earth Magic    | 8 10 11 12 14 15 | 15.8
Dodging        | 2 3 4 5 |  5.1
Stealth        | 3 4 |  4.2
Spellcasting   | 4 5 6 8 10 11 | 11.8
Fighting       | 1 2 3 |  3.2
Conjurations   | 3 |  3.6
Evocations     | 1 |  1.2
Unarmed Combat | |  0.3

Action                   |  1- 3 |  4- 6 |  7- 9 || total
-------------------------+-------+-------+-------++-------
Melee: Unarmed           |     3 |       |       ||     3
 Cast: Sandblast         |    12 |    14 |     4 ||    30
       Stone Arrow       |       |     2 |    23 ||    25
       Petrify           |       |       |     3 ||     3
Evoke: Wand              |       |       |     6 ||     6
  Use: Potion            |     3 |     1 |     2 ||     6
       Scroll            |       |     1 |       ||     1
Armor: Robe              |     1 |     1 |     2 ||     4
Dodge: Dodged            |     6 |     4 |    10 ||    20

Table legend: (Time is in decaauts)
 A = Elapsed time spent in this place.
 B = Non-inter-level travel time spent in this place.
 C = Inter-level travel time spent in this place.
 D = Time resting spent in this place.
 E = Time spent auto-exploring this place.
 F = Levels seen in this place.
 G = Mean time per level.
                   A        B        C        D        E       F      G
               +--------+--------+--------+--------+--------+-----+--------+
         Total |   1458 |   1458 |      0 |   1183 |      7 |   1 | 1458.0 |
       Dungeon |   1458 |   1458 |      0 |   1183 |      7 |   1 | 1458.0 |
               +--------+--------+--------+--------+--------+-----+--------+

Top non-repeatable levels by time:
       D: 1458 daAuts
